 Dungeon Crawl Stone Soup version 0.17-a0-2093-gc772f4b (webtiles) character file.

39 ololoev the Covered (level 3, -1/29 HPs)
             Began as a Demonspawn Fighter on Oct 16, 2015.
             Succumbed to a scorpion's poison
             ... on level 4 of the Dungeon.
             The game lasted 00:02:09 (396 turns).

ololoev the Covered (Demonspawn Fighter)             Turns: 396, Time: 00:02:09

Health: -1/29      AC:  6    Str: 17    XL:     3   Next: 26%
Magic:  3/3        EV:  9    Int:  9    God:
Gold:   98         SH:  0    Dex: 12    Spells: 0 memorised, 2 levels left

rFire  . . .     SeeInvis .     a - +0 war axe
rCold  . . .     Clarity  .     b - +0 scale mail
rNeg   + . .     SustAt   .     (no shield)
rPois  .         Gourm    .     (no helmet)
rElec  .         Spirit   .     (no cloak)
rCorr  .         Warding  +     (no gloves)
rMut   .         Stasis   .     (no boots)
MR     .....                    c - amulet of warding
Stlth  ..........               (no ring)
                                (no ring)

@: lethally poisoned (-1 -> -37), not resistant to hostile enchantments,
extremely unstealthy
A: powered by death 1
a: no special abilities


Innate Abilities, Weirdness & Mutations

You regenerate a little health from kills.

Inventory:

Hand Weapons
 a - a +0 war axe (weapon)
Armour
 b - a +0 scale mail (worn)
Jewellery
 c - an amulet of warding (around neck)
Scrolls
 g - a scroll of remove curse {unknown}
 h - a scroll of teleportation {unknown}
 j - 2 scrolls of identify {unknown}
 k - a scroll of recharging {unknown}
Potions
 d - a potion of might
 f - a potion of lignification {unknown}
Comestibles
 e - 2 bread rations
 i - a chunk of flesh


   Skills:
 - Level 3.0 Fighting
 * Level 2.8 Axes
 + Level 3.2 Armour
   Level 2.6 Shields


You had 2 spell levels left.
You didn't know any spells.


You were on level 4 of the Dungeon.
You were not hungry.

You visited 1 branch of the dungeon, and saw 5 of its levels.

You collected 98 gold pieces.

###
#.###.#
#..s@.#
#.###.#
#.# #.#
#.# #.#
#.########
#.........
#
#.########
#..

Notes
Turn   | Place    | Note
--------------------------------------------------------------
     0 | D:1      | ololoev the Demonspawn Fighter began the quest for the Orb.
     0 | D:1      | Reached XP level 1. HP: 18/18 MP: 1/1
    85 | D:2      | Found a glowing golden altar of the Shining One.
   151 | D:2      | Gained mutation: You regenerate a little health from kills. [demonic ancestry]
   151 | D:2      | Reached XP level 2. HP: 21/24 MP: 2/2
   153 | D:2      | Found a glowing silver altar of Zin.
   186 | D:2      | Found an iron altar of Okawaru.
   264 | D:2      | Reached XP level 3. HP: 15/29 MP: 3/3
   367 | D:5      | Entered Level 5 of the Dungeon
   390 | D:4      | Noticed a scorpion
   396 | D:4      | Succumbed to a scorpion's poison

Dungeon Overview and Level Annotations

Branches:
Dungeon (5/15)
 Temple: D:4-7

Altars:
Okawaru
Zin
The Shining One


Message History

You miss the giant gecko. The giant gecko bites you.
The giant gecko closely misses you.
You closely miss the giant gecko. The giant gecko barely misses you.
Some of the chunks of flesh in your inventory have rotted away.
You barely miss the giant gecko. The giant gecko bites you.
The giant gecko bites you but does no damage.
You barely miss the giant gecko. The giant gecko closely misses you.
You miss the giant gecko. The giant gecko bites you. The giant gecko bites you.
You slash the giant gecko!
You kill the giant gecko!
No target in view!
There is a stone staircase leading down here.
You climb downwards.
There is a stone staircase leading up here.
There is a stone staircase leading up here.
You feel less regenerative.
You climb upwards.
There is a stone staircase leading down here.
Found an escape hatch in the ceiling.
You now have 98 gold pieces (gained 9).
A scorpion comes into view.
The scorpion stings you but does no damage.
You hit the scorpion but do no damage. The scorpion stings you.
You closely miss the scorpion. The scorpion stings you.
The scorpion stings you.
You are poisoned.
The scorpion poisons you!
You hit the scorpion.
The scorpion is lightly wounded.
You feel sick. The scorpion stings you.
You are more poisoned.
The scorpion poisons you!
You closely miss the scorpion.
The scorpion is lightly wounded.
You feel sick. The scorpion stings you.
You are more poisoned.
The scorpion poisons you!
You closely miss the scorpion.
The scorpion is lightly wounded.
You die...

You could see a scorpion.

Vanquished Creatures
  2 adders (D:2)
  An ooze (D:4)
  2 giant geckos
  2 orcs (D:3)
  A bat (D:2)
  4 giant newts
  2 kobolds (D:2)
  2 rats
16 creatures vanquished.

Action                   || total
-------------------------++-------
Melee: War axe           ||    74

Vault maps used:
D:1:      minmay_arrival_four_houses
D:2:      grunt_qazlal_clouds, nicolae_overflow_crystal_walls, minitemple,
          xom_teletrap_fun, lemuel_blue_sif_altar
D:3:      minmay_goblin_kobold_castle, vehumet_altar_wand_db
D:4:      lemuel_coloured_pillars_altar, first_bread
D:5:      cheibriados_altar_1, serial_undead, serial_undead_d, serial_undead_d,
          serial_undead_c, serial_undead_d, serial_undead_a, serial_undead_a,
          grunt_decor_cap, uniq_sigmund
